 Dungeon Crawl Stone Soup version 0.32-a0-485-g70f7560b1c (webtiles) character file.

Game seed: 18372063796313273286

23 ezpacito the Trooper (level 2, -8/24 HPs)
             Began as a Demonspawn Chaos Knight on Feb 26, 2024.
             Was a Plaything of Xom.
             Killed by an exploding butterfly (32 damage)
             ... ignited by their inner flame
             ... on level 1 of the Dungeon.
             The game lasted 00:00:51 (622 turns).

ezpacito the Trooper (Demonspawn Chaos Knight)       Turns: 622, Time: 00:00:52

Health: -8/24      AC:  5    Str: 12    XL:     2   Next: 75%
Magic:  2/2        EV: 16    Int: 12    God:    Xom [......]
Gold:   18         SH:  0    Dex: 12    Spells: 1/1 levels left

rFire   . . .        a - +0 hand axe (chaos)
rCold   . . .        (no shield)
rNeg    . . .        b - +2 leather armour
rPois   +            (no helmet)
rElec   .            (no cloak)
rCorr   .            (no gloves)
SInv    .            (no boots)
Will    .....        (no amulet)
Stlth   +            g - +5 ring of evasion
HPRegen 0.24/turn    j - ring of poison resistance
MPRegen 0.08/turn

%: no passive effects
@: wreathed by umbra
A: foul shadow 1
a: Renounce Religion


You were on level 1 of the Dungeon.
You worshipped Xom.
You were a very special plaything of Xom.
You visited 1 branch of the dungeon, and saw 1 of its levels.

You collected 18 gold pieces.

Inventory:

Hand Weapons
 a - a +0 hand axe of chaos (weapon)
Missiles
 k - 2 poisoned darts (quivered)
Armour
 b - a +2 leather armour (worn)
Magical Staves
 e - a staff of cold
Jewellery
 g - a +5 ring of evasion (left hand)
 h - a ring of protection from cold
 j - a ring of poison resistance (right hand)
Scrolls
 f - a scroll of identify
 i - a scroll of enchant armour


   Skills:
 * Level 3.2 Fighting
 * Level 2.8 Axes
 + Level 0.1(1.6) Polearms
 * Level 2.0 Armour
 * Level 1.2 Dodging
 + Level 0.3 Stealth
 * Level 0.6 Unarmed Combat
 + Level 0.4 Spellcasting


You had one spell level left.
You didn't know any spells.
Your spell library contained the following spells:

 Spells                   Type           Power      Damage    Failure   Level
 Sting                    Conj/Alch      0%         1d3       38%         1
 Ensorcelled Hibernation  Hex/Ice        0%         N/A       52%         2
 Mercury Vapours          Alch/Air       0%         N/A       52%         2
 Fugue of the Fallen      Necr           0%         N/A       77%         3
 Anguish                  Hex/Necr       0%         N/A       99%         4
 Olgreb's Toxic Radiance  Alch           0%         N/A       99%         4


Dungeon Overview and Level Annotations

Branches:
Dungeon (1/15)

Altars:


Innate Abilities, Weirdness & Mutations

You are faintly shadowed, very rarely releasing foul flame when damaged in melee.


Message History

Your butterfly disappears in a burst of colours!
The fiery explosion engulfs your butterfly!
Your butterfly disappears in a burst of colours!
The fiery explosion engulfs your butterfly!!
Your butterfly disappears in a burst of colours!
The fiery explosion engulfs your butterfly!!
Your butterfly disappears in a burst of colours!
Your butterfly explodes!
The fiery explosion engulfs your butterfly!
Your butterfly disappears in a burst of colours!
The fiery explosion engulfs your butterfly!!
Your butterfly disappears in a burst of colours!
The fiery explosion engulfs your butterfly!!
Your butterfly disappears in a burst of colours!
The fiery explosion engulfs your butterfly!!
Your butterfly disappears in a burst of colours!
Your butterfly explodes!
The fiery explosion engulfs your butterfly!
Your butterfly disappears in a burst of colours!
The fiery explosion engulfs your butterfly!!
Your butterfly disappears in a burst of colours!
The fiery explosion engulfs your butterfly!!
Your butterfly disappears in a burst of colours!
The fiery explosion engulfs your butterfly!
Your butterfly disappears in a burst of colours!
The fiery explosion engulfs your butterfly!!
Your butterfly disappears in a burst of colours!
Your butterfly explodes!
The fiery explosion engulfs the crimson imp.
The crimson imp completely resists.
The crimson imp is lightly wounded.
The fiery explosion engulfs your butterfly!!
Your butterfly disappears in a burst of colours!
The fiery explosion engulfs your butterfly!!!
Your butterfly disappears in a burst of colours!
The fiery explosion engulfs you!!
Xom thinks this is hilarious!
Ouch! That really hurt!
You die...
Xom is highly amused! ...# #### ####+#### bb...b..# ..bbbbbb#

..§.§b..# .§§§§§b.# .5§§§§§b#
b§.§§§§@# ...b.§§§#
..bb.5.b############
###############bb...........#
#.......# ############.##
#.......# #.#
#.......##################.#
#.[........................#
#...............############


You could see 2 crimson imps.

Vanquished Creatures
  4 dart slugs (D:1)
  A giant cockroach (D:1)
  2 jackals (D:1)
  2 kobolds (D:1)
  A ball python (D:1)
  A bat (D:1)
  A frilled lizard (D:1)
  3 goblins (D:1)
15 creatures vanquished.

Notes
Turn   | Place    | Note
-------+----------+-------------------------------------------
     0 | D:1      | ezpacito the Demonspawn Chaos Knight began the quest for
                  | the Orb.
     0 | D:1      | Reached XP level 1. HP: 18/18 MP: 1/1
    52 | D:1      | Reached skill level 1 in Dodging
   145 | D:1      | Gained mutation: You are faintly shadowed, very rarely
                  | releasing foul flame when damaged in melee. [demonic
                  | ancestry]
   145 | D:1      | Reached XP level 2. HP: 24/24 MP: 2/2
   196 | D:1      | Found a faded altar of an unknown god.
   233 | D:1      | XOM: divination: magic mapping
   305 | D:1      | XOM: silly message
   612 | D:1      | XOM: summons 2 hostile demons
   613 | D:1      | Noticed a crimson imp
   614 | D:1      | an iron imp changed into a crimson imp
   614 | D:1      | Noticed a crimson imp
   622 | D:1      | Killed by an exploding butterfly... ignited by their inner
                  | flame

Illustrated notes

Levels and vault maps discovered:
D:1:      lordsloth_arrival_two_stooges, layout_basic,
          hellmonk_ecumenical_altar_crossroads

Skill      XL: |  1  2 |
---------------+-------+-----
Dodging        | 1 |  1.2
Armour         | 2 |  2.0
Fighting       | |  3.2
Axes           | |  2.8
Polearms       | |  0.1
Stealth        | |  0.3
Unarmed Combat | |  0.6
Spellcasting   | |  0.4

Action                     || total
---------------------------++-------
  Melee: Hand axe          ||    57
    Use: Scroll            ||     3
         Potion            ||     1
 Armour: Leather armour    ||    24
  Dodge: Dodged            ||    41

Table legend: (Time is in decaauts)
 A = Elapsed time spent in this place.
 B = Non-inter-level travel time spent in this place.
 C = Inter-level travel time spent in this place.
 D = Time resting spent in this place.
 E = Time spent auto-exploring this place.
 F = Levels seen in this place.
 G = Mean time per level.
                   A        B        C        D        E       F      G
               +--------+--------+--------+--------+--------+-----+--------+
         Total |    629 |    622 |      7 |      0 |    485 |   1 |  629.0 |
       Dungeon |    629 |    622 |      7 |      0 |    485 |   1 |  629.0 |
               +--------+--------+--------+--------+--------+-----+--------+

Top non-repeatable levels by time:
     D:1: 629 daAuts
